 Dungeon Crawl Stone Soup version 0.29.1-1-gd02db6906a (webtiles) character file.

Game seed: 14211636563803903358

102 Romesagentofchaos the Sneak (level 4, -8/23 HPs)
             Began as a Spriggan Brigand on Oct 21, 2022.
             Mangled by Crazy Yiuf
             ... wielding a +3 quarterstaff of chaos
              (13 damage)
             ... on level 2 of the Dungeon.
             The game lasted 00:07:48 (2204 turns).

Romesagentofchaos the Sneak (Spriggan Brigand)      Turns: 2204, Time: 00:07:49

Health: -8/23      AC:  3    Str:  7      XL:     4   Next: 49%
Magic:  2/5        EV: 17    Int: 10 (12) God:
Gold:   71         SH:  0    Dex: 17 (18) Spells: 3/3 levels left

rFire   . . .      SeeInvis +   a - +3 dagger
rCold   . . .      Faith    .   (no shield)
rNeg    . . .      Spirit   .   b - +0 robe
rPois   .          Reflect  .   (helmet restricted)
rElec   .          Harm     .   c - +0 cloak
rCorr   .          Rampage  .   (gloves unavailable)
Will    .....                   (boots unavailable)
Stlth   ++++......              (no amulet)
HPRegen 0.07/turn               (no ring)
MPRegen 0.09/turn               (no ring)

@: very quick
A: very small, no large weapons, unfitting armour, see invisible, speed 3
a: no special abilities


You were on level 2 of the Dungeon.
You visited 1 branch of the dungeon, and saw 2 of its levels.

You collected 71 gold pieces.

Inventory:

Hand Weapons
 a - a +3 dagger (weapon)
Missiles
 d - 11 poisoned darts (quivered)
 e - 3 curare-tipped darts
 i - 2 atropa-tipped darts
Armour
 b - a +0 robe (worn)
 c - a +0 cloak (worn)
Wands
 l - a wand of iceblast (9)
 o - a wand of flame (29)
Scrolls
 f - a scroll of summoning {unknown}
 h - a scroll of teleportation {unknown}
Potions
 g - 2 potions of curing
 j - a potion of cancellation {unknown}
 k - a potion of berserk rage


   Skills:
 + Level 1.8 Fighting
 + Level 3.2 Short Blades
 + Level 2.0 Throwing
 + Level 2.0 Dodging
 + Level 7.9 Stealth


You had 3 spell levels left.
You didn't know any spells.
Your spell library contained the following spells:

 Spells                   Type           Power      Damage    Failure   Level
 Gell's Gravitas          Tloc           0%         N/A       75%         3
 Lesser Beckoning         Tloc           0%         N/A       75%         3
 Teleport Other           Tloc           0%         N/A       75%         3


Dungeon Overview and Level Annotations

Branches:
Dungeon (2/15)

Altars:
Trog

Annotations:
D:2 Crazy Yiuf


Innate Abilities, Weirdness & Mutations

You are very small and have problems with some larger weapons.
You are too small for most types of armour.
You have supernaturally acute eyesight. (SInv)
You cover ground extremely quickly. (Speed+++)


Message History

a +0 club; a goblin corpse
Things that are here:
a +0 short sword; a kobold skeleton You see here a frilled lizard skeleton.
There is a stone staircase leading down here.
Natasha, Servant of Life and Death comes into view.
You catch the helpless Natasha completely off-guard!
You impale Natasha!!
You kill Natasha!
Natasha screams in pain as she dies!
You feel your dexterity returning.
Your Dodging skill increases to level 2!
You see here a staff of death.
Crazy Yiuf is nearby!
Crazy Yiuf shouts!
You hit Crazy Yiuf.
Crazy Yiuf is moderately wounded.
Crazy Yiuf closely misses you.
You hit Crazy Yiuf.
Crazy Yiuf is moderately wounded.
Crazy Yiuf hits you with a +3 quarterstaff of chaos!
You feel your power leaking away.
You hit Crazy Yiuf.
Crazy Yiuf is heavily wounded.
You barely miss Crazy Yiuf.
Crazy Yiuf is heavily wounded.
Crazy Yiuf barely misses you.
You hit Crazy Yiuf but do no damage.
Crazy Yiuf is heavily wounded.
Crazy Yiuf misses you.
You hit Crazy Yiuf.
Crazy Yiuf is severely wounded.
Crazy Yiuf hits you with a +3 quarterstaff of chaos!
* * * LOW HITPOINT WARNING * * *
Crazy Yiuf draws strength from your wounds!
You hit Crazy Yiuf.
Crazy Yiuf is heavily wounded.
Crazy Yiuf hits you with a +3 quarterstaff of chaos!
Ouch! That really hurt!
You die...

#.# #.# #.# ###
#.# #.# #.# #.#
♣♣♣♣♣###
#####.####.#
#**♣♣♣.♣)...##
#..........#
.)#♣.)♣......##
#.###.######
).')♣♣♣♣.♣....#
#.# #.# ..#♣♣
♣♣.....######.#
#.# #**
♣♣##...g@....###.#
#.............#
###############
### ### #.# #.#
##.## #.# #...##
#.# .....# #.#
#....# #.#


You could see Crazy Yiuf.

Vanquished Creatures
  Natasha (twice) (D:2)
  2 dart slugs (D:1)
  3 bats (D:2)
  5 endoplasms
  A giant cockroach (D:2)
  8 hobgoblins
  5 jackals (D:1)
  4 kobolds
  2 quokkas (D:2)
  3 ball pythons
  A frilled lizard (D:2)
  4 goblins
  4 rats
44 creatures vanquished.

Notes
Turn   | Place    | Note
-------+----------+-------------------------------------------
     0 | D:1      | Romesagentofchaos the Spriggan Brigand began the quest for
                  | the Orb.
     0 | D:1      | Reached XP level 1. HP: 10/10 MP: 2/2
    30 | D:1      | Reached skill level 6 in Stealth
   114 | D:1      | Reached XP level 2. HP: 14/14 MP: 3/3
   663 | D:1      | Reached XP level 3. HP: 18/18 MP: 4/4
  1073 | D:2      | Reached skill level 7 in Stealth
  1277 | D:2      | Found a runed translucent door.
  1278 | D:2      | Noticed Crazy Yiuf
  1686 | D:2      | Noticed Natasha
  1692 | D:2      | Killed Natasha
  1701 | D:2      | Found a bloodstained altar of Trog.
  1731 | D:2      | Reached XP level 4. HP: 18/23 MP: 5/5
  2159 | D:2      | Noticed Natasha
  2167 | D:2      | Killed Natasha
  2204 | D:2      | Mangled by Crazy Yiuf

Illustrated notes

Levels and vault maps discovered:
D:1:      lemuel_arrival_tunnels, layout_loops_ring
D:2:      layout_loops_ring, basic_altar, uniq_natasha, uniq_crazy_yiuf_cottage

Skill      XL: |  1  2  3  4 |
---------------+-------------+-----
Stealth        | 6 7 |  7.9
Short Blades   | 3 |  3.2
Dodging        | 2 |  2.0
Fighting       | |  1.8
Throwing       | |  2.0

Action                   |  1- 3 |  4- 6 || total
-------------------------+-------+-------++-------
Melee: Dagger            |    81 |    32 ||   113
       Punch             |       |     1 ||     1
Throw: Dart              |     2 |       ||     2
  Use: Scroll            |     7 |       ||     7
       Potion            |     4 |       ||     4
 Stab: Sleeping          |    19 |     2 ||    21
       Distracted        |     2 |     1 ||     3
Armor: Robe              |     7 |     5 ||    12
Dodge: Dodged            |    34 |    11 ||    45
